 Dungeon Crawl Stone Soup version 0.21.0-3-g78d12a8bdd (console) character file.

65062 Kloppie the Warrior (level 14, -6/148 HPs)
             Began as a Minotaur Berserker on Jan 11, 2018.
             Was the Champion of Trog.
             Drowned by a drowned soul (16 damage)
             ... summoned by a merfolk avatar
             ... on level 6 of the Lair of Beasts.
             The game lasted 00:27:46 (19624 turns).

Kloppie the Warrior (Minotaur Berserker)           Turns: 19624, Time: 00:27:47

Health: -6/148     AC: 25    Str: 29    XL:     14   Next: 74%
Magic:  13/13      EV: 12    Int:  4    God:    Trog [******]
Gold:   859        SH: 18    Dex: 10    Spells: 13/13 levels left

rFire    + + .     SeeInvis .   a - +4 flail of Akuurium {protect, rF+}
rCold    + + +     Gourm    .   r - +2 shield
rNeg     . . .     Faith    .   K - +0 chain mail {rC+}
rPois    +         Spirit   .   (helmet restricted)
rElec    .         Reflect  +   H - scarf {rC+ rF+}
rCorr    .         Harm     .   n - +2 pair of gloves
MR       +....                  B - +2 pair of boots
Stlth    ..........             z - +3 amulet of reflection
HPRegen  0.34/turn              W - ring of Jekaseso {rPois rC+ Str+2}
MPRegen  0.13/turn              F - ring of protection from cold

@: protection aura, mesmerised, very slow
A: retaliatory headbutt, horns 2
a: Berserk, Trog's Hand, Brothers in Arms, Burn Spellbooks, Renounce Religion


You were on level 6 of the Lair of Beasts.
You worshipped Trog.
Trog was exalted by your worship.
You were not hungry.

You visited 2 branches of the dungeon, and saw 18 of its levels.
You also visited: Bailey and Ice Cave.

You collected 1261 gold pieces.
You spent 402 gold pieces at shops.

Inventory:

Hand Weapons
 a - the +4 flail of Akuurium (weapon) {protect, rF+}
   (You bought it in a shop on level 7 of the Dungeon)

   It protects the one who uses it against injury (+AC on strike).
   It protects you from fire.
 b - the +11 dire flail "Newtslayer" {crush, Dex+3}
   (Trog gifted it to you on level 10 of the Dungeon)

   It inflicts extra damage upon your enemies.
   It affects your dexterity (+3).
 k - a +0 broad axe
Armour
 n - a +2 pair of gloves (worn)
 r - a +2 shield (worn)
 v - a +0 chain mail of fire resistance
 B - a +2 pair of boots (worn)
 H - a scarf of resistance (worn)
 K - a +0 chain mail of cold resistance (worn)
 P - the +18 shield of the Gong {rElec rN+ MR+ EV-5}
   (You found it in a bailey)

   It affects your evasion (-5).
   It insulates you from electricity.
   It protects you from negative energy.
   It affects your resistance to hostile enchantments.
 V - a +0 large shield
Jewellery
 m - an uncursed ring of flight
 s - an uncursed ring of see invisible
 w - an uncursed ring of protection from fire
 z - a +3 amulet of reflection (around neck)
 F - a ring of protection from cold (right hand)
 W - the ring of Jekaseso (left hand) {rPois rC+ Str+2}
   (You found it on level 5 of the Lair of Beasts)

   [ring of poison resistance]

   It affects your strength (+2).
   It protects you from cold.
   It protects you from poison.
Wands
 h - a wand of acid (8)
 x - a wand of polymorph (5)
 U - a wand of disintegration (33)
Scrolls
 g - 5 scrolls of teleportation
 t - a scroll of magic mapping
 y - 2 scrolls of immolation
 A - 11 scrolls of remove curse
 D - a scroll of enchant armour
 E - 3 scrolls of blinking
 L - 2 scrolls of fear
 M - 4 scrolls of identify
 N - 11 scrolls of enchant weapon
 O - 2 scrolls of fog
 Q - 2 scrolls of acquirement
Potions
 d - 2 potions of brilliance
 e - 4 potions of curing
 f - 6 potions of haste
 i - 2 potions of invisibility
 j - 6 potions of resistance
 l - 10 potions of lignification
 o - 2 potions of magic
 p - 3 potions of flight
 q - a potion of berserk rage
 u - a potion of cancellation
 J - 2 potions of mutation
 R - 2 potions of agility
 Z - a potion of might
Books
 Y - a book of Summonings

   Spells                             Type                      Level
   a - Recall                         Summoning/Translocation      3
   b - Aura of Abjuration             Summoning                    5
   c - Summon Demon                   Summoning                    5
   d - Summon Forest                  Summoning/Translocation      5
   e - Summon Mana Viper              Hexes/Summoning              5
   f - Shadow Creatures               Summoning                    6
   Trog disapproves of the use of such an item.
Comestibles
 c - 36 rations
 C - 10 chunks of flesh


   Skills:
 - Level 20.0 Fighting
 - Level 14.0 Maces & Flails
 - Level 10.0 Armour
 - Level 10.0 Dodging
 + Level 11.7 Shields


You had 13 spell levels left.
You didn't know any spells.

Dungeon Overview and Level Annotations

Branches:
Dungeon (12/15)            Temple (0/1) D:4            Lair (6/6) D:11
 Shoals (0/4) Lair:3       Spider (0/4) Lair:4        Slime (0/5) Lair:5
    Orc (0/2) D:11

Altars:
Kikubaaqudgha
Sif Muna
Trog
Zin
Beogh

Shops:
D:5 [   D:7 (

Annotations:
D:9 exclusion: orange crystal statue
D:12 1 runed door, exclusion: orange crystal statue


Innate Abilities, Weirdness & Mutations

You reflexively headbutt those who attack you in melee.
You have a pair of horns on your head.


Message History

You block the drowned soul's attack.
You hit the merfolk avatar.
You headbutt the merfolk avatar, but do no damage.
The merfolk avatar is severely wounded.
The drowned soul touches you. The drowned soul drowns you!
* * * LOW HITPOINT WARNING * * *
The merfolk avatar chants its luring song.
The drowned soul touches you. The drowned soul drowns you!
* * * LOW HITPOINT WARNING * * *
The drowned soul touches you. The drowned soul drowns you!
* * * LOW HITPOINT WARNING * * *
You feel much better. The drowned soul touches you.
The drowned soul drowns you!
* * * LOW HITPOINT WARNING * * *
The merfolk avatar chants its luring song.
You barely miss the merfolk avatar.
Your headbutt misses the merfolk avatar.
The merfolk avatar is severely wounded.
The drowned soul touches you. The drowned soul drowns you!
You die...

.#≈≈#.≈≈ #≈≈##≈≈.#≈≈#.≈≈.#≈≈...
..≈≈≈≈≈≈≈≈≈≈≈≈≈≈≈≈≈≈≈≈≈P≈≈P≈≈≈.
P≈#≈≈≈P≈≈≈≈≈≈≈≈≈≈≈≈≈≈≈≈≈≈≈≈≈≈≈
P#≈≈##≈################# #≈#
PPP...≈.≈≈≈#.≈≈≈≈≈≈≈P8# #≈..
.PP.≈P≈≈≈≈≈#≈≈≈≈≈≈≈≈≈≈# ≈≈...
.PP.≈≈≈#≈≈≈#≈≈≈≈≈≈≈≈≈≈# ≈≈...
....##≈#≈≈≈#≈≈≈≈≈≈≈≈≈≈#≈ ≈P##≈..
....##≈#≈≈≈≈≈≈≈$@$/≈≈≈.≈ .≈.#≈..
...≈≈≈≈≈≈.≈≈≈≈≈"≈m)≈#≈.≈ ≈ ≈≈≈...
...≈≈≈≈≈≈8≈≈≈≈≈)≈≈!≈≈≈.≈# ≈≈≈≈≈..
..≈≈..≈.≈≈≈≈≈≈≈$[$$≈≈≈.≈#≈#≈##...
###≈.#≈#≈≈≈#≈≈P≈≈≈≈≈≈≈#≈≈≈≈≈##≈..
# #.≈≈≈#≈≈≈#≈P≈#≈≈≈≈≈≈#P≈P≈≈≈≈≈..
###≈≈≈≈≈≈≈P#≈≈≈≈≈≈≈≈≈≈#≈≈≈≈≈P≈≈..
.#≈.##≈#≈≈≈#≈≈≈≈P≈P≈≈.# ≈.≈.#≈..
.P.≈#.≈########...#########≈##...


You could see a merfolk avatar.

Vanquished Creatures
  Rupert (D:12)
  Nessos (Lair:4)
  The ghost of Zaque the End of an Era, a journeyman DsGl of Qazlal (Lair:4)
  7 hydras
  5 two-headed ogres
  7 death yaks
  An orc high priest (Bailey)
  The ghost of denis1488 the Destroyer, a novice HuFE of Sif Muna (D:10)
  4 skeletal warriors (D:11)
  A sea snake (Lair:6)
  Pikel (D:6)
  3 orc knights
  A deep elf mage (D:12)
  2 wolf spiders (Lair:4)
  A necromancer (IceCv)
  An ugly thing (D:12)
  6 elephants
  2 manticores
  3 ice statues (IceCv)
  3 black mambas
  9 spiny frogs
  5 komodo dragons
  5 rime drakes
  A kobold demonologist (Bailey)
  8 ice devils (IceCv)
  A queen bee (Lair:5)
  2 trolls (D:12)
  5 polar bears
  A wind drake (Lair:6)
  A tengu conjurer (D:12)
  A jumping spider (Lair:4)
  Prince Ribbit (D:6)
  3 meliai (Lair:5)
  3 hornets (Lair:6)
  Grinder (D:5)
  2 blink frogs (Lair:5)
  6 hippogriffs
  Sigmund (D:4)
  A redback (Lair:4)
  A steam dragon (Lair:5)
  37 yaks
  4 wyverns
  2 wraiths
  3 hogs (D:7)
  A basilisk (Lair:2)
  A human (D:7)
  The ghost of Fv001 the Shield-Bearer, an amateur FoFi (D:3)
  Menkaure (D:4)
  5 swamp worms (D:9)
  16 water moccasins
  3 porcupines
  17 orc warriors
  13 ice beasts
  6 sky beasts
  A hornet zombie (D:5)
  A black bear (D:9)
  2 eyes of draining
  2 slaves (D:6)
  11 centaurs
  10 ogres
  A phantom (D:8)
  6 wolves
  10 crocodiles
  Blork the orc (D:4)
  3 big kobolds
  10 bullfrogs
  A gnoll sergeant (D:9)
  A wyvern zombie (D:7)
  6 scorpions
  39 killer bees
  10 wights
  7 electric eels
  3 jellies
  4 howler monkeys
  7 crimson imps
  2 centaur zombies
  3 draconian simulacra (IceCv)
  A lava snake (D:10)
  A quasit (D:11)
  2 bullfrog skeletons
  10 orc priests
  6 hounds
  2 iguanas
  Natasha (thrice) (D:2)
  6 hell rats (Lair:5)
  Terence (D:2)
  16 orc wizards
  14 worker ants
  A troll simulacrum (IceCv)
  A centaur simulacrum (IceCv)
  A hound zombie (D:5)
  3 hound skeletons
  A worker ant zombie (D:8)
  19 gnolls
  2 naga simulacra (IceCv)
  11 adders
  3 ogre simulacra (IceCv)
  4 shadow imps
  3 oozes
  2 adder skeletons
  15 worms
  2 dart slugs
  9 leopard geckos
  60 orcs
  2 ball pythons
  5 giant cockroaches
  14 goblins
  17 hobgoblins
  4 jackals
  15 kobolds
  3 quokkas
  11 bats
  3 frilled lizards
  A leopard gecko skeleton (D:3)
  A quokka skeleton (D:4)
  8 rats
644 creatures vanquished.

Vanquished Creatures (others)
  4 centaurs (Lair:6)
  An orc priest (D:6)
  3 fungi
  5 plants
13 creatures vanquished.

Grand Total: 657 creatures vanquished

Notes
Turn   | Place    | Note
-------+----------+-------------------------------------------
     0 | D:1      | Kloppie the Minotaur Berserker began the quest for the Orb.
     0 | D:1      | Reached XP level 1. HP: 19/19 MP: 0/0
    82 | D:1      | Reached skill level 4 in Fighting
    82 | D:1      | Reached XP level 2. HP: 27/27 MP: 1/1
   307 | D:1      | Reached XP level 3. HP: 28/34 MP: 2/2
   409 | D:1      | Reached ** piety under Trog
   769 | D:2      | Noticed Natasha
   782 | D:2      | Killed Natasha
   782 | D:2      | Reached XP level 4. HP: 17/41 MP: 3/3
  1105 | D:2      | Found a deep blue altar of Sif Muna.
  1177 | D:2      | Reached skill level 5 in Maces & Flails
  1280 | D:2      | You fall through a shaft!
  1285 | D:3      | Reached skill level 5 in Fighting
  1673 | D:2      | Noticed Natasha
  1682 | D:2      | Killed Natasha
  1682 | D:2      | Reached XP level 5. HP: 30/48 MP: 4/4
  1742 | D:2      | Noticed Terence
  1755 | D:2      | Killed Terence
  1859 | D:2      | Noticed Natasha
  1866 | D:2      | Killed Natasha
  2169 | D:3      | Reached skill level 6 in Fighting
  2170 | D:3      | Reached *** piety under Trog
  2171 | D:3      | Reached XP level 6. HP: 49/57 MP: 5/5
  2389 | D:3      | Found a glowing silver altar of Zin.
  2393 | D:3      | Found an ancient bone altar of Kikubaaqudgha.
  2452 | D:3      | Noticed Fv001's ghost (amateur FoFi)
  2459 | D:3      | Killed Fv001's ghost
  2657 | D:4      | Noticed Sigmund
  2662 | D:4      | Killed Sigmund
  2662 | D:4      | Reached skill level 7 in Fighting
  2662 | D:4      | Reached XP level 7. HP: 66/66 MP: 6/6
  2721 | D:4      | Found a staircase to the Ecumenical Temple.
  3097 | D:4      | Noticed Blork the orc
  3110 | D:4      | Killed Blork the orc
  3110 | D:4      | Reached skill level 8 in Fighting
  3694 | D:4      | Noticed Menkaure
  3701 | D:4      | Killed Menkaure
  3867 | D:5      | Entered Level 5 of the Dungeon
  3867 | D:5      | Found Yriobul's Antique Armour Shoppe.
  3917 | D:5      | Reached XP level 8. HP: 55/77 MP: 7/7
  3936 | D:5      | Reached skill level 9 in Fighting
  3939 | D:5      | Reached **** piety under Trog
  4125 | D:5      | Noticed Grinder
  4168 | D:5      | Paralysed by Grinder for 3 turns
  4173 | D:5      | Killed Grinder
  4495 | D:5      | Reached skill level 10 in Fighting
  4495 | D:5      | Reached skill level 10 in Maces & Flails
  4857 | D:6      | Reached XP level 9. HP: 62/85 MP: 8/8
  5118 | D:6      | Noticed Prince Ribbit
  5193 | D:6      | Received a gift from Trog
  5362 | D:6      | Noticed Pikel
  5377 | D:6      | Killed Pikel
  5510 | D:6      | Killed Prince Ribbit
  5893 | D:7      | Found Diefrewo's Antique Weapon Boutique.
  5919 | D:7      | Bought a fine flail for 272 gold pieces
  5919 | D:7      | Identified the +4 flail of Akuurium {protect, rF+} (You bought it in a shop on level 7 of the Dungeon)
  6066 | D:7      | Found a deep blue altar of Sif Muna.
  6486 | D:7      | Reached XP level 10. HP: 93/93 MP: 9/9
  6495 | D:7      | Reached skill level 5 in Armour
  6883 | D:8      | Reached ***** piety under Trog
  7764 | D:9      | Noticed an orange crystal statue
  7786 | D:9      | Reached skill level 10 in Armour
  7891 | D:9      | Noticed a two-headed ogre
  7900 | D:9      | Killed a two-headed ogre
  7900 | D:9      | Reached skill level 11 in Fighting
  7900 | D:9      | Reached XP level 11. HP: 70/102 MP: 10/10
  8408 | D:9      | Noticed a two-headed ogre
  8416 | D:9      | Killed a two-headed ogre
  8416 | D:9      | Reached skill level 12 in Fighting
  8681 | D:10     | Entered Level 10 of the Dungeon
  8724 | D:10     | Identified the Tome of Heat
  8816 | D:10     | Reached skill level 13 in Fighting
  8877 | D:10     | Noticed a two-headed ogre
  8881 | D:10     | Noticed denis1488's ghost (novice HuFE)
  8884 | D:10     | Killed a two-headed ogre
  8900 | D:10     | Killed denis1488's ghost
  8900 | D:10     | Reached skill level 14 in Fighting
  9242 | D:10     | Received a gift from Trog
  9243 | D:10     | Got a scorched dire flail {god gift}
  9244 | D:10     | Identified the +11 dire flail "Newtslayer" {crush, Dex+3} (Trog gifted it to you on level 10 of the Dungeon)
  9416 | D:10     | Identified a scroll of acquirement
  9417 | D:10     | Got a pair of dazzling boots
  9428 | D:10     | Identified the +1 pair of boots of Weirdness {Dex+4} (You acquired it on level 10 of the Dungeon)
  9480 | D:11     | Noticed a two-headed ogre
  9488 | D:11     | Killed a two-headed ogre
  9509 | D:11     | Noticed an orc knight
  9820 | D:11     | Killed an orc knight
  9827 | D:11     | Reached skill level 15 in Fighting
 10117 | D:11     | Noticed a two-headed ogre
 10128 | D:11     | Killed a two-headed ogre
 10148 | D:11     | Noticed a skeletal warrior
 10148 | D:11     | Noticed a skeletal warrior
 10148 | D:11     | Noticed a skeletal warrior
 10148 | D:11     | Noticed a skeletal warrior
 10164 | D:11     | Killed a skeletal warrior
 10175 | D:11     | Killed a skeletal warrior
 10175 | D:11     | Reached XP level 12. HP: 82/122 MP: 11/11
 10183 | D:11     | Reached skill level 16 in Fighting
 10635 | D:11     | Found a roughly hewn altar of Beogh.
 10635 | D:11     | Found a staircase to the Orcish Mines.
 10888 | D:11     | Found a staircase to the Lair.
 11075 | D:12     | Noticed Rupert
 11077 | D:12     | Found a flagged portal.
 11088 | D:12     | Killed Rupert
 11088 | D:12     | Reached skill level 17 in Fighting
 11126 | Bailey   | Entered a bailey
 11367 | Bailey   | Found an iron altar of Okawaru.
 11368 | Bailey   | Noticed an orc high priest
 11380 | Bailey   | Killed an orc high priest
 11581 | Bailey   | Reached ****** piety under Trog
 11581 | Bailey   | Reached skill level 18 in Fighting
 11948 | Bailey   | Found the +18 shield of the Gong {rElec rN+ MR+ EV-5}
 12202 | D:12     | Received a gift from Trog
 12298 | D:12     | Found a runed door.
 12828 | D:12     | Noticed a crystal guardian
 12855 | D:12     | Noticed a crystal guardian
 12915 | Lair:1   | Entered Level 1 of the Lair of Beasts
 12918 | Lair:1   | Reached XP level 13. HP: 136/136 MP: 12/12
 13113 | Lair:1   | Reached skill level 19 in Fighting
 13828 | Lair:2   | Found a frozen archway.
 13858 | IceCv    | Entered an ice cave
 14232 | IceCv    | Reached skill level 20 in Fighting
 14404 | Lair:2   | Reached skill level 5 in Dodging
 14518 | Lair:2   | You fall through a shaft for 2 floors!
 14578 | Lair:3   | Found a staircase to the Shoals.
 16056 | Lair:4   | Noticed Zaque's ghost (journeyman DsGl)
 16061 | Lair:4   | Killed Zaque's ghost
 16102 | Lair:4   | Received a gift from Trog
 16220 | Lair:4   | Noticed Nessos
 16226 | Lair:4   | Killed Nessos
 16348 | Lair:4   | Found a hole to the Spider Nest.
 17302 | D:5      | Bought a large shield for 130 gold pieces
 17562 | Lair:5   | Got a pitted silver ring
 17563 | Lair:5   | Identified the ring of Jekaseso {rPois rC+ Str+2} (You found it on level 5 of the Lair of Beasts)
 17641 | Lair:5   | Reached XP level 14. HP: 120/148 MP: 13/13
 17647 | Lair:5   | Reached skill level 10 in Dodging
 17661 | Lair:5   | Reached skill level 1 in Shields
 17709 | Lair:5   | Received a gift from Trog
 17846 | Lair:5   | Reached skill level 5 in Shields
 18440 | Lair:5   | Found a staircase to the Slime Pits.
 18567 | Lair:6   | Entered Level 6 of the Lair of Beasts
 19044 | Lair:6   | Reached skill level 10 in Shields
 19056 | Lair:6   | Received a gift from Trog
 19533 | Lair:6   | Found a bloodstained altar of Trog.
 19583 | Lair:6   | Found the +3 warlock's mirror {reflect}
 19622 | Lair:6   | HP: 5/148 [drowned by a drowned soul[a merfolk avatar] (12)]
 19624 | Lair:6   | Drowned by a drowned soul

Skill      XL: |  1  2  3  4  5  6  7  8  9 10 11 12 13 14 |
---------------+-------------------------------------------+-----
Fighting       | 4 5 6 7 8 10 11 15 18 20 | 20.0
Maces & Flails | 4 5 6 7 8 11 14 | 14.0
Armour         | 3 10 | 10.0
Dodging        | 9 10 | 10.0
Shields        | 11 | 11.7

Action                   |  1- 3 |  4- 6 |  7- 9 | 10-12 | 13-15 || total
-------------------------+-------+-------+-------+-------+-------++-------
Melee: Mace              |    42 |   122 |   356 |       |       ||   520
       Headbutt          |     6 |    20 |    55 |   140 |   174 ||   395
       Flail             |       |       |    27 |   393 |   402 ||   822
       Dire flail        |       |       |       |   301 |   282 ||   583
Invok: Berserk           |     1 |     4 |     3 |     4 |       ||    12
       Trog's Hand       |       |       |     1 |     2 |     1 ||     4
  Use: Scroll            |       |       |    16 |     3 |    13 ||    32
       Potion            |       |       |     2 |       |     7 ||     9
  Eat: Chunk             |       |     6 |    16 |    22 |    12 ||    56
       Ration            |       |     1 |       |     1 |     3 ||     5
Armor: Scale mail        |     8 |    47 |    21 |       |       ||    76
       Chain mail        |       |       |    97 |   298 |   301 ||   696
       Skin              |       |       |    25 |       |       ||    25
Dodge: Dodged            |    34 |    78 |   127 |   194 |   270 ||   703
Block: Other             |       |       |     8 |    54 |    24 ||    86
       Reflection        |       |       |       |     5 |    18 ||    23
       Shield            |       |       |       |       |   331 ||   331
       Large shield      |       |       |       |       |    77 ||    77
